[Event "Titled Tuesday Blitz March 28 Late 2023"]
[White "Lazavik, Denis"]
[Black "Sadhwani, Raunak"]
[WhiteFideId "13515110"]
[BlackFideId "35093487"]
[WhiteElo "2560"]
[BlackElo "2631"]
[Result "1-0"]
[Round "11"]
[TimeControl "180+2"]
[Date "2023.03.28"]
[WhiteClock "0:00:52"]
[BlackClock "0:00:03"]

1. d4 Nf6 2. c4 e6 3. Nf3 d5 4. g3 Bb4+ 5. Bd2 Be7 6. Bg2 O-O 7. O-O dxc4 8. Qc2 b5 9. a4 b4 10. Ne5 Qxd4 11. Nxc4 c6 12. Be3 Qd8 13. Rd1 Nd5 14. Bd4 c5 15. Be5 Nd7 16. e4 N5b6 17. Na5 Qe8 18. Bc7 Bd8 19. Bd6 Be7 20. e5 Nd5 21. Nd2 Bxd6 22. exd6 Ba6 23. Nc6 N7f6 24. Ne5 Qd8 25. Qxc5 Rc8 26. Qxa7 Qxd6 27. Qd4 Rfd8 28. Rac1 Rxc1 29. Rxc1 Nb6 30. Qxd6 Rxd6 31. a5 Na4 32. Ndc4 Rd4 33. Bf1 g6 34. Nc6 Rd7 35. N4e5 Bxf1 36. Nxd7 Nxd7 37. Kxf1 1-0


[Site "https://www.chess.com"]

[Event "Titled Tuesday Blitz March 28 Late 2023"]
[White "Sargsyan, Shant"]
[Black "Paravyan, David"]
[WhiteFideId "13306766"]
[BlackFideId "4194985"]
[WhiteElo "2628"]
[BlackElo "2577"]
[Result "0-1"]
[Round "11"]
[TimeControl "180+2"]
[Date "2023.03.28"]
[WhiteClock "0:00:03"]
[BlackClock "0:00:05"]

1. Nf3 Nf6 2. g3 c5 3. Bg2 Nc6 4. O-O e5 5. c4 d5 6. cxd5 Nxd5 7. Nc3 Be6 8. d3 Be7 9. Nxd5 Bxd5 10. Be3 O-O 11. Rc1 b6 12. a3 Qd6 13. Nd2 Bxg2 14. Kxg2 f5 15. f3 Kh8 16. Qa4 Rac8 17. Rfd1 h5 18. Bf2 Bg5 19. h4 Bh6 20. Nc4 Qg6 21. Rc3 Rce8 22. b4 Nd4 23. bxc5 b5 24. Nxe5 Rxe5 25. Qxd4 Rxe2 26. c6 f4 27. Kf1 Qe6 28. c7 fxg3 29. c8=Q Rxc8 30. Rxc8+ Qxc8 31. Kxe2 Qc2+ 32. Ke1 gxf2+ 33. Qxf2 Qc3+ 34. Kf1 Qxa3 35. d4 Be3 36. Qc2 Qf8 37. Qe4 Bf4 38. d5 Bd6 39. Kg2 Qf6 40. Re1 g6 41. Qe6 Qf4 42. Qe8+ Kg7 43. Qe4 Qg3+ 44. Kf1 b4 45. Qd4+ Kh7 46. Qxa7+ Kh6 47. Qe3+ Bf4 48. Qe4 Qh3+ 49. Ke2 Qg2+ 50. Kd3 Qd2+ 51. Kc4 Qc3+ 52. Kb5 Qf6 53. Qe6 Qxh4 54. d6 b3 55. d7 b2 56. Kc6 Bc1 57. Qe8 Qa4+ 58. Kc7 Qa5+ 59. Kc8 Qc5+ 60. Kd8 Bg5+ 61. Re7 Bxe7+ 62. Qxe7 Qb6+ 63. Ke8 b1=Q 64. Qf8+ Kg5 65. Qe7+ Kf4 66. d8=Q Qxd8+ 67. Qxd8 Qf5 68. Qd2+ Kxf3 69. Qd1+ Kf2 70. Qd2+ Kg3 71. Qe1+ Kg2 72. Qe2+ Kh3 73. Qe3+ Kg4 74. Qg1+ Kf4 75. Qc1+ Kf3 76. Qf1+ Ke3 77. Qe1+ Kd4 78. Qb4+ Ke5 79. Qc5+ Kf4 80. Qf2+ Kg5 81. Qg1+ Kh6 82. Qc1+ Qg5 83. Qc3 Qb5+ 84. Kf8 Qf5+ 85. Ke8 h4 86. Qc1+ Kh5 87. Qe1 h3 88. Qe2+ Kh4 89. Qe1+ Kg4 90. Qe2+ Qf3 91. Qe6+ Kh5 92. Qe5+ Qf5 93. Qe2+ Kh6 94. Qe3+ g5 95. Qe7 Kh5 96. Qe2+ g4 97. Qe1 Kg5 98. Qe3+ Qf4 99. Qe7+ Qf6 100. Qe3+ Kh5 101. Qc5+ Kh4 102. Qc2 Qe5+ 103. Kf7 h2 104. Qg2 Qf4+ 105. Kg6 Qd6+ 106. Kh7 Qe7+ 107. Kh6 Qf6+ 108. Kh7 Qf5+ 109. Kh6 Qf4+ 110. Kh7 Qc7+ 111. Kh6 Qd6+ 112. Kh7 Kg5 113. Qe2 h1=Q+ 114. Kg8 Qhd5+ 115. Kh8 Qh6# 0-1


[Site "https://www.chess.com"]

[Event "Titled Tuesday Blitz March 28 Late 2023"]
[White "Maghsoodloo, Parham"]
[Black "Bortnyk, Olexandr"]
[WhiteFideId "12539929"]
[BlackFideId "14120828"]
[WhiteElo "2647"]
[BlackElo "2734"]
[Result "1-0"]
[Round "11"]
[TimeControl "180+2"]
[Date "2023.03.28"]
[WhiteClock "0:00:30"]
[BlackClock "0:00:01"]

1. e4 Nf6 2. e5 Nd5 3. d4 d6 4. Nf3 dxe5 5. Nxe5 c6 6. Be2 Bf5 7. O-O Nd7 8. Nf3 e6 9. Re1 Bd6 10. a3 O-O 11. c4 N5f6 12. Nc3 e5 13. h3 h6 14. Be3 Re8 15. b4 exd4 16. Nxd4 Be5 17. f4 Bxd4 18. Bxd4 Qc7 19. Qd2 Rad8 20. Rad1 a5 21. Qc1 axb4 22. axb4 Ne4 23. Bf3 Ndf6 24. Nxe4 Nxe4 25. Qe3 Qc8 26. Be5 Rxd1 27. Rxd1 Nf6 28. Qd4 Qe6 29. b5 Ra8 30. Qb6 Qxc4 31. Qxb7 Ra2 32. Qxc6 Qb3 33. Bxf6 gxf6 34. Qxf6 Bd3 35. Qd8+ Kg7 36. Qxd3 1-0


[Site "https://www.chess.com"]

[Event "Titled Tuesday Blitz March 28 Late 2023"]
[White "Durarbayli, Vasif"]
[Black "Firouzja, Alireza"]
[WhiteFideId "13402935"]
[BlackFideId "12573981"]
[WhiteElo "2543"]
[BlackElo "2904"]
[Result "0-1"]
[Round "11"]
[TimeControl "180+2"]
[Date "2023.03.28"]
[WhiteClock "0:00:01"]
[BlackClock "0:00:28"]

1. e4 c5 2. Nf3 d6 3. d4 cxd4 4. Nxd4 Nf6 5. Nc3 a6 6. Be2 e6 7. Be3 Be7 8. f4 Qc7 9. a3 O-O 10. g4 Nc6 11. g5 Nd7 12. h4 b5 13. Nxc6 Qxc6 14. h5 Bb7 15. h6 g6 16. Qd4 f6 17. Bg4 e5 18. Be6+ Kh8 19. Qd2 exf4 20. Bxf4 fxg5 21. Bxg5 Ne5 22. Rh3 Bxg5 23. Qxg5 Qc5 24. Bf5 Rf7 25. O-O-O gxf5 26. Rg3 f4 27. Rgg1 Nf3 28. Qg4 Nxg1 29. Rxg1 Qe5 30. Nd1 Bxe4 31. Nf2 Bg6 0-1


[Site "https://www.chess.com"]

[Event "Titled Tuesday Blitz March 28 Late 2023"]
[White "Svane, Rasmus"]
[Black "Bartel, Mateusz"]
[WhiteFideId "4657101"]
[BlackFideId "1112635"]
[WhiteElo "2597"]
[BlackElo "2521"]
[Result "1-0"]
[Round "11"]
[TimeControl "180+2"]
[Date "2023.03.28"]
[WhiteClock "0:00:10"]
[BlackClock "0:00:02"]

1. Nf3 Nf6 2. g3 d5 3. Bg2 e6 4. O-O Be7 5. c4 O-O 6. b3 d4 7. e3 c5 8. Ne5 Nfd7 9. exd4 cxd4 10. Nxd7 Qxd7 11. Ba3 Bxa3 12. Nxa3 Nc6 13. d3 b6 14. Qd2 Bb7 15. Rae1 Ne7 16. Bxb7 Qxb7 17. Nb5 Rad8 18. Qf4 Nc6 19. Re2 Qe7 20. Qc7 Qxc7 21. Nxc7 Rd7 22. Na6 e5 23. b4 f6 24. Rc1 Re8 25. a4 f5 26. c5 Re6 27. b5 Na5 28. c6 Rd8 29. Rce1 e4 30. Nb4 Nb3 31. dxe4 d3 32. Nxd3 Rxd3 33. exf5 Rxe2 34. Rxe2 Rc3 35. Re7 Nc5 36. c7 Kf8 37. c8=Q+ Kxe7 38. Qc7+ Kf6 39. Qxa7 Rf3 40. Qxb6+ 1-0


[Site "https://www.chess.com"]

[Event "Titled Tuesday Blitz March 28 Late 2023"]
[White "Duda, Jan-Krzysztof"]
[Black "Rasulov, Vugar"]
[WhiteFideId "1170546"]
[BlackFideId "13402390"]
[WhiteElo "2790"]
[BlackElo "2509"]
[Result "0-1"]
[Round "11"]
[TimeControl "180+2"]
[Date "2023.03.28"]
[WhiteClock "0:00:02"]
[BlackClock "0:00:07"]

1. e4 e5 2. Nf3 Nc6 3. Bb5 a6 4. Ba4 Nf6 5. O-O Be7 6. d3 b5 7. Bb3 d6 8. c3 O-O 9. a4 Bb7 10. Re1 h6 11. Bc2 Re8 12. Nbd2 Bf8 13. h3 d5 14. exd5 Nxd5 15. Ne4 b4 16. a5 Rb8 17. Bd2 Nf6 18. Qe2 Nxe4 19. dxe4 Re6 20. Bd3 Rd6 21. Bc4 bxc3 22. bxc3 Bc8 23. Be3 Rg6 24. Kh2 Rd6 25. Bc5 Rf6 26. Red1 Qe8 27. Be3 Bd6 28. Bxa6 Nd4 29. Qf1 Nxf3+ 30. gxf3 Rxf3 31. Bxc8 Qxc8 32. Qg2 Rf6 33. a6 Ra8 34. a7 c5 35. Rg1 Bf8 36. Ra5 Ra6 37. Rxc5 Qb7 38. Rd5 Rc8 39. Rgd1 Rxc3 40. Rd7 Qb3 41. Qf3 Ra2 42. Kh1 Qe6 43. Qg4 Qb3 44. Rd8 Rxe3 45. a8=Q Rxa8 46. Rxa8 Rxh3+ 47. Kg2 Rd3 48. Rxd3 Qxd3 49. Qf5 Qd4 50. Re8 g6 51. Qxe5 Qd7 0-1


[Site "https://www.chess.com"]

[Event "Titled Tuesday Blitz March 28 Late 2023"]
[White "Kamsky, Gata"]
[Black "Erigaisi Arjun"]
[WhiteFideId "2000024"]
[BlackFideId "35009192"]
[WhiteElo "2666"]
[BlackElo "2737"]
[Result "0-1"]
[Round "11"]
[TimeControl "180+2"]
[Date "2023.03.28"]
[WhiteClock "0:00:09"]
[BlackClock "0:01:08"]

1. d4 d6 2. Nf3 g6 3. c4 Bg7 4. g3 Nc6 5. Bg2 Bd7 6. Nc3 Qc8 7. O-O Bh3 8. e4 h5 9. Be3 h4 10. Nxh4 Bxg2 11. Kxg2 Bf6 12. Nf3 Qh3+ 13. Kh1 g5 14. Rg1 g4 15. Nh4 Bxh4 16. gxh4 Rxh4 17. Rg2 Nf6 18. Bg5 O-O-O 19. Bxh4 Qxh4 20. Kg1 e5 21. dxe5 dxe5 22. Nd5 Nd4 23. Kf1 Nxd5 24. cxd5 Nf3 25. Rc1 Qh3 26. Qc2 Rd7 27. Qc5 Nh4 28. Qf8+ Rd8 29. Qxf7 Qxg2+ 30. Ke2 Qxe4+ 0-1


[Site "https://www.chess.com"]

[Event "Titled Tuesday Blitz March 28 Late 2023"]
[White "Andreikin, Dmitry"]
[Black "Sarana, Alexey"]
[WhiteFideId "4158814"]
[BlackFideId "24133795"]
[WhiteElo "2736"]
[BlackElo "2714"]
[Result "0-1"]
[Round "11"]
[TimeControl "180+2"]
[Date "2023.03.28"]
[WhiteClock "0:00:03"]
[BlackClock "0:01:37"]

1. e4 e5 2. Nf3 Nc6 3. Nc3 Nf6 4. h3 Bb4 5. Nd5 Nxd5 6. exd5 e4 7. dxc6 exf3 8. Qxf3 dxc6 9. Bc4 O-O 10. O-O Qg5 11. d3 Qf5 12. Qxf5 Bxf5 13. Bf4 Bd6 14. Bxd6 cxd6 15. Rfe1 Rfe8 16. f4 d5 17. Bb3 h5 18. Kf2 h4 19. Rad1 Kf8 20. c3 Rxe1 21. Kxe1 Re8+ 22. Kf2 Re6 23. Bc2 Ke7 24. a3 c5 25. Rd2 Kd6 26. Bb3 b5 27. d4 cxd4 28. Rxd4 Be4 29. Bd1 f5 30. a4 a6 31. axb5 axb5 32. Rb4 Rg6 33. Bf3 Kc5 34. Rd4 Bxf3 35. Kxf3 Re6 36. b4+ Kd6 37. Rd1 Re4 38. Rd4 Kc6 39. Kf2 Re7 40. Rd3 Ra7 41. g3 Ra2+ 42. Kf3 Rh2 43. gxh4 Rxh3+ 44. Ke2 Rh2+ 45. Ke1 Rxh4 46. Rg3 d4 47. cxd4 Rxf4 48. Rxg7 Rxd4 49. Rg5 f4 50. Ke2 Rxb4 51. Rf5 Rc4 52. Kd3 Kb6 53. Rf6+ Ka5 54. Rf5 Ka4 55. Rf8 Rc7 56. Rxf4+ b4 57. Kd2 Ka3 58. Kd1 b3 59. Rf8 b2 60. Ra8+ Kb3 61. Rb8+ Ka2 62. Ra8+ Kb1 63. Kd2 Rd7+ 64. Kc3 Kc1 65. Rh8 b1=Q 66. Rh1+ Rd1 67. Rxd1+ Kxd1 0-1


[Site "https://www.chess.com"]

[Event "Titled Tuesday Blitz March 28 Late 2023"]
[White "Deac, Bogdan-Daniel"]
[Black "Naroditsky, Daniel"]
[WhiteFideId "1226380"]
[BlackFideId "2026961"]
[WhiteElo "2649"]
[BlackElo "2633"]
[Result "1-0"]
[Round "11"]
[TimeControl "180+2"]
[Date "2023.03.28"]
[WhiteClock "0:00:08"]
[BlackClock "0:00:06"]

1. e4 c5 2. Nf3 d6 3. d4 cxd4 4. Nxd4 Nf6 5. Nc3 a6 6. Bd3 g6 7. f3 Bg7 8. Be3 b5 9. Qd2 h5 10. a4 b4 11. Na2 a5 12. c3 bxc3 13. Nxc3 O-O 14. O-O Bb7 15. Bb5 Nbd7 16. Nb3 Ne5 17. Rad1 Qc7 18. Qe2 Rfc8 19. Rc1 Qd8 20. h3 Nc6 21. Rfd1 Nb4 22. Nd2 d5 23. Nc4 Nd7 24. exd5 Bxc3 25. bxc3 Nxd5 26. Bd4 N7f6 27. Ne5 Qc7 28. c4 Nf4 29. Qe3 Ne6 30. Bb6 Qb8 31. Nxg6 Qg3 32. Nxe7+ Kf8 33. Nf5 Qg6 34. Qh6+ Qxh6 35. Nxh6 Nf4 36. Rc2 Bc6 37. Rcd2 Bxb5 38. cxb5 Rc4 39. Nf5 Ne6 40. Bd4 Nd5 41. Bg7+ Nxg7 42. Rxd5 Ne6 43. Ra1 Nf4 44. Rd2 Rb4 45. Kh2 Rc8 46. Ne3 Rc3 47. Nd5 Nxd5 48. Rxd5 Rb2 49. Rxh5 Rxf3 50. Rg5 Rf4 51. Rg3 Rbb4 52. Rf3 Rxa4 53. Rxa4 Rxa4 54. Rb3 Rc4 55. b6 Rc8 56. b7 Rb8 57. Rb1 a4 58. Kg3 a3 59. Ra1 Rxb7 60. Rxa3 Rb4 61. Rf3 Kg7 62. Rf4 Rb2 63. h4 Kg6 64. Rg4+ Kh6 65. Kh3 f6 66. Rf4 Kg6 67. g4 Rb3+ 68. Kg2 Rb2+ 69. Kg3 Rb3+ 70. Rf3 Rb1 71. h5+ Kg7 72. Rf5 Rg1+ 73. Kh3 Rh1+ 74. Kg2 Rb1 75. Ra5 Kh6 76. Kg3 Rg1+ 77. Kf3 Rf1+ 78. Kg2 Rf4 79. Kg3 Rf1 80. Rb5 Rg1+ 81. Kh3 Rf1 82. Kg2 Rf4 83. Kg3 Rf1 84. Rb8 Rg1+ 85. Kf3 Rf1+ 86. Kg2 Rf4 87. Kg3 Rf1 88. Rh8+ Kg7 89. Rb8 Kh6 90. Rg8 Rg1+ 91. Kf2 Ra1 92. Rg6+ Kh7 93. Rxf6 Ra4 94. Kg3 Kg7 95. Rf4 Ra3+ 96. Kh4 Ra1 97. Kg5 Ra6 98. Rf5 Kh7 99. Rf6 Ra5+ 100. Rf5 Ra6 101. Rb5 Ra7 102. Rb4 Rg7+ 103. Kh4 Rc7 104. g5 Kg7 105. h6+ Kh7 106. Kh5 Rc6 107. g6+ Rxg6 108. Rb7+ Rg7 109. Rxg7+ Kh8 110. Rg5 1-0


[Site "https://www.chess.com"]

[Event "Titled Tuesday Blitz March 28 Late 2023"]
[White "Mendonca, Leon Luke"]
[Black "Anton Guijarro, David"]
[WhiteFideId "35028561"]
[BlackFideId "2285525"]
[WhiteElo "2464"]
[BlackElo "2618"]
[Result "1/2-1/2"]
[Round "11"]
[TimeControl "180+2"]
[Date "2023.03.28"]
[WhiteClock "0:00:17"]
[BlackClock "0:00:16"]

1. e4 g6 2. d4 Bg7 3. Nf3 d6 4. Be2 Nf6 5. Nc3 O-O 6. O-O a6 7. a4 Nc6 8. h3 e5 9. dxe5 Nxe5 10. Nxe5 dxe5 11. Bc4 Qe7 12. b3 Rd8 13. Qe2 c6 14. a5 Nh5 15. Na4 Nf4 16. Qf3 Be6 17. Nb6 Bxc4 18. Nxc4 Ne6 19. Be3 Nd4 20. Bxd4 Rxd4 21. Rfd1 Rad8 22. c3 R4d7 23. g3 Qe6 24. Kg2 f5 25. Rxd7 Rxd7 26. Re1 Rf7 27. Rd1 Rd7 28. exf5 gxf5 29. Rxd7 Qxd7 30. Ne3 f4 31. Nc4 fxg3 32. fxg3 e4 33. Qxe4 Bxc3 34. h4 Qd5 35. Kf3 Kf7 36. Kf4 Qxe4+ 37. Kxe4 h5 38. Kf5 Be1 39. g4 hxg4 40. Kxg4 Kg6 41. h5+ Kh6 42. Nd6 Bxa5 43. Nxb7 Bb4 44. Nd8 c5 45. Nf7+ Kg7 46. Nd6 a5 47. Nc4 Kh6 48. Kh4 Bc3 49. Kg4 Bb4 50. Nd6 Kg7 51. Nf5+ Kf6 52. Ne3 Kf7 53. Kf5 Kg7 54. Nc4 Kh6 55. Kg4 Be1 56. Nb6 Kg7 57. Na4 Bb4 58. Kg5 Bd2+ 59. Kf5 Bb4 60. Ke4 Kh6 61. Kd5 Kxh5 62. Nxc5 Kg5 63. Kc4 Kf5 64. Kb5 Be1 65. Nb7 Ke6 66. Nxa5 Kd7 67. Nc4 Kc8 68. Nd6+ Kb8 69. Ne4 Kb7 70. Kc4 Kb6 71. Nc5 Kc6 72. Na4 Kb7 73. Nc3 Kb6 74. Nd5+ Kc6 75. Nf4 Kb6 76. Nd3 Bd2 77. Nb2 Kb7 78. Kb5 Be1 79. Nc4 Ka7 80. Nd6 Kb8 81. Kc4 Kc7 82. Nb5+ Kb6 83. Nc3 Bxc3 84. Kxc3 Kc5 85. b4+ Kb5 86. Kb3 Kb6 87. Kc4 Kc6 88. b5+ Kb6 89. Kb4 Kb7 90. Kc5 Kc7 91. b6+ Kb7 92. Kb5 Kb8 93. Kc6 Kc8 94. b7+ Kb8 95. Kb6 1/2-1/2


[Site "https://www.chess.com"]

[Event "Titled Tuesday Blitz March 28 Late 2023"]
[White "Kramnik, Vladimir"]
[Black "Timmermans, Mark"]
[WhiteFideId "4101588"]
[BlackFideId "1026399"]
[WhiteElo "2712"]
[BlackElo "2460"]
[Result "1-0"]
[Round "11"]
[TimeControl "180+2"]
[Date "2023.03.28"]
[WhiteClock "0:00:21"]
[BlackClock "0:00:20"]

1. e4 e5 2. Nf3 Nc6 3. Bc4 Nf6 4. d3 Be7 5. O-O O-O 6. Re1 d6 7. a4 Kh8 8. a5 a6 9. Nc3 Ng8 10. Nd5 f5 11. h3 Bf6 12. c3 Nce7 13. Nxf6 Nxf6 14. exf5 Bxf5 15. d4 e4 16. Nh2 d5 17. Bf1 Qd7 18. Ra3 Rae8 19. c4 c6 20. Rg3 Bg6 21. Ng4 Nxg4 22. hxg4 Qd6 23. Qb3 Qf6 24. Be3 Rb8 25. c5 Nc8 26. f4 Na7 27. f5 Bf7 28. Rh3 Nb5 29. Bxb5 axb5 30. Rf1 g5 31. Qd1 Kg7 32. Qd2 h6 33. Bf2 Rfe8 34. Re3 Ra8 35. Bg3 Re7 36. Bd6 Ree8 37. Rd1 Kg8 38. b4 Rad8 39. Bc7 Rc8 40. Bh2 Kh7 41. Qf2 h5 42. gxh5 Bxh5 43. Rh3 e3 44. Rxh5+ Kg8 45. Qg3 e2 46. Qxg5+ 1-0


[Site "https://www.chess.com"]

[Event "Titled Tuesday Blitz March 28 Late 2023"]
[White "Demchenko, Anton"]
[Black "Melkumyan, Hrant"]
[WhiteFideId "4160258"]
[BlackFideId "13302485"]
[WhiteElo "2545"]
[BlackElo "2604"]
[Result "0-1"]
[Round "11"]
[TimeControl "180+2"]
[Date "2023.03.28"]
[WhiteClock "0:00:01"]
[BlackClock "0:00:43"]

1. e4 c6 2. d3 d5 3. Nd2 e5 4. Ngf3 Bd6 5. g3 Nf6 6. Bg2 O-O 7. O-O Re8 8. b3 Nbd7 9. Bb2 a5 10. a3 Nf8 11. Re1 Ng6 12. exd5 cxd5 13. c4 d4 14. Ng5 h6 15. Nge4 Nxe4 16. Nxe4 Bf8 17. Qh5 Bd7 18. Bc1 Qc8 19. h3 Ra6 20. Rb1 Rb6 21. Bd2 Bxa3 22. Bxa5 Ra6 23. b4 b6 24. Nd6 Qb8 25. Nxe8 bxa5 26. b5 Rb6 27. Be4 Nf8 28. Bd5 Bxe8 29. Rxe5 Bb4 30. Qe2 Bd7 31. Re4 Bxh3 32. Bxf7+ Kxf7 33. Qh5+ Kg8 34. Qxh3 Rf6 35. Qg4 Qd6 36. Qe2 a4 37. Re8 a3 38. Ra1 Bc3 39. Ra2 Qb4 40. Kg2 Bb2 41. Qe4 Qb3 42. Qd5+ Kh7 43. Qe4+ Ng6 44. Qd5 Rf8 45. Rxf8 Nxf8 46. Qe4+ Ng6 0-1


[Site "https://www.chess.com"]

[Event "Titled Tuesday Blitz March 28 Late 2023"]
[White "Ashraf, Artin"]
[Black "Terry, Renato"]
[WhiteFideId "22514805"]
[BlackFideId "3803457"]
[WhiteElo "2188"]
[BlackElo "2579"]
[Result "0-1"]
[Round "11"]
[TimeControl "180+2"]
[Date "2023.03.28"]
[WhiteClock "0:00:03"]
[BlackClock "0:00:03"]

1. Nf3 d5 2. g3 Nf6 3. Bg2 c6 4. O-O Bg4 5. d3 Nbd7 6. Nbd2 e5 7. e4 dxe4 8. dxe4 Be7 9. Qe1 Qc7 10. h3 Bh5 11. Nh4 O-O 12. Nc4 Rfe8 13. Bd2 b5 14. Ne3 Nc5 15. Nef5 Bf8 16. Ba5 Qb7 17. Qe3 b4 18. Nxg7 Kxg7 19. Qg5+ Bg6 20. Nf5+ Kg8 21. Qxf6 Na4 22. Rad1 Nxb2 23. Rb1 Re6 24. Qg5 Nc4 25. Bd8 h6 26. Qh4 Nd2 27. Bf6 Nxb1 28. Rxb1 c5 29. f4 exf4 30. e5 Qc8 31. Nxh6+ Bxh6 32. Qxh6 Rxf6 33. exf6 Qf8 34. Qxf4 Rd8 35. Rc1 Qd6 36. Qh6 Qxf6 37. Rf1 Qg7 38. Qg5 Qd4+ 39. Kh2 Qd2 40. Rf4 Re8 41. h4 Re2 42. Kh3 Rxg2 43. h5 Rh2+ 44. Kg4 Qd1+ 45. Rf3 Qd7+ 46. Kf4 Qd4# 0-1


[Site "https://www.chess.com"]

[Event "Titled Tuesday Blitz March 28 Late 2023"]
[White "Korchmar, Vasiliy"]
[Black "Mammadov, Zaur"]
[WhiteFideId "24131750"]
[BlackFideId "13401033"]
[WhiteElo "2370"]
[BlackElo "2441"]
[Result "1/2-1/2"]
[Round "11"]
[TimeControl "180+2"]
[Date "2023.03.28"]
[WhiteClock "0:00:06"]
[BlackClock "0:00:48"]

1. e4 e6 2. d4 d5 3. e5 c5 4. c3 Nc6 5. Nf3 Qb6 6. Be2 Nh6 7. Bxh6 gxh6 8. Qd2 Bg7 9. Na3 O-O 10. O-O cxd4 11. cxd4 f6 12. exf6 Bxf6 13. Rad1 Bg7 14. Bb5 Rxf3 15. gxf3 Nxd4 16. Qe3 e5 17. Kh1 Bf5 18. Bd3 Rf8 19. Bxf5 Rxf5 20. Rg1 Kh8 21. Rg3 Qxb2 22. Rdg1 Rg5 23. Rxg5 hxg5 24. Qxg5 Ne6 25. Qe7 Qxf2 26. Rxg7 Qxf3+ 27. Rg2 Qf1+ 28. Rg1 Qf3+ 29. Rg2 Qf1+ 30. Rg1 Qf3+ 31. Rg2 1/2-1/2


[Site "https://www.chess.com"]

[Event "Titled Tuesday Blitz March 28 Late 2023"]
[White "Javakhadze, Zurab"]
[Black "Moussard, Jules"]
[WhiteFideId "13603647"]
[BlackFideId "642908"]
[WhiteElo "2381"]
[BlackElo "2610"]
[Result "0-1"]
[Round "11"]
[TimeControl "180+2"]
[Date "2023.03.28"]
[WhiteClock "0:00:04"]
[BlackClock "0:01:10"]

1. Nf3 Nf6 2. g3 d6 3. Bg2 g6 4. d4 Bg7 5. O-O O-O 6. b3 e5 7. dxe5 Ng4 8. Bb2 Nd7 9. c4 dxe5 10. h3 Nh6 11. Nc3 e4 12. Nd4 Nc5 13. Nc2 f5 14. Ne3 Nf7 15. Rc1 Re8 16. Ba3 Ne6 17. Qxd8 Rxd8 18. Ned5 c6 19. Ne7+ Kh8 20. Nxc8 Raxc8 21. f3 exf3 22. exf3 f4 23. Rfe1 Nd4 24. gxf4 Re8 25. Ne4 Nf5 26. Rcd1 Bd4+ 27. Rxd4 Nxd4 28. Bb2 c5 29. Rd1 b6 30. Rxd4 cxd4 31. Bxd4+ Kg8 32. Nf6+ Kf8 33. Nxe8 Rxe8 34. Kf2 Nd6 35. Be5 Nf5 36. Bf1 Rd8 37. Ke1 Ng3 38. Bg2 Kf7 39. b4 Ke6 40. a4 Rd3 41. Kf2 Nf5 42. Bf1 Ra3 43. c5 bxc5 44. bxc5 Ra2+ 45. Ke1 Kd5 46. Bb5 Kxc5 47. Bf6 Nd4 48. Be7+ Kd5 0-1


[Site "https://www.chess.com"]

[Event "Titled Tuesday Blitz March 28 Late 2023"]
[White "Costachi, Mihnea"]
[Black "Goltsev, Dmitry"]
[WhiteFideId "1217518"]
[BlackFideId "24176710"]
[WhiteElo "2456"]
[BlackElo "2336"]
[Result "1-0"]
[Round "11"]
[TimeControl "180+2"]
[Date "2023.03.28"]
[WhiteClock "0:00:55"]
[BlackClock "0:00:03"]

1. d4 Nf6 2. c4 e6 3. Nf3 Bb4+ 4. Bd2 Qe7 5. Nc3 b6 6. g3 Bb7 7. Bg2 O-O 8. O-O d6 9. b3 Nbd7 10. a3 Bxc3 11. Bxc3 e5 12. dxe5 dxe5 13. Qc2 a5 14. b4 axb4 15. axb4 Ne4 16. Ng5 Qxg5 17. Bxe4 Bxe4 18. Qxe4 Rxa1 19. Rxa1 Qe7 20. Qc6 Qe6 21. Qxc7 Nf6 22. Bxe5 Ng4 23. Bd4 Qxe2 24. h3 Qe4 25. Qf4 Nf6 26. Qxe4 Nxe4 27. Bxb6 Nd2 28. c5 Nf3+ 29. Kg2 Nd4 30. Rd1 Nb5 31. c6 Rc8 32. c7 1-0


[Site "https://www.chess.com"]

[Event "Titled Tuesday Blitz March 28 Late 2023"]
[White "Bernadskiy, Vitaliy"]
[Black "koteRV1610"]
[WhiteFideId "14100371"]
[WhiteElo "2488"]
[BlackElo "2685"]
[Result "1-0"]
[Round "11"]
[TimeControl "180+2"]
[Date "2023.03.28"]
[WhiteClock "0:01:28"]
[BlackClock "0:00:10"]

1. b3 e5 2. Bb2 Nc6 3. e3 d5 4. Bb5 Bd6 5. f4 Qh4+ 6. g3 Qe7 7. Nf3 f6 8. fxe5 fxe5 9. Bxc6+ bxc6 10. Nxe5 Nf6 11. Nxc6 Qe6 12. O-O O-O 13. Nd4 Qh3 14. Qe2 c5 15. Nb5 Ba6 16. Bxf6 Bxb5 17. Qxb5 Bxg3 18. Qe2 Bd6 19. Nc3 gxf6 20. Qg2+ Qxg2+ 21. Kxg2 Be5 22. d4 cxd4 23. Nxd5 dxe3 24. Rae1 Rad8 25. Nxe3 Rd2+ 26. Rf2 Rxf2+ 27. Kxf2 Bxh2 28. Ng4 Bd6 29. Re6 Bc5+ 30. Kf3 Bd4 31. Nh6+ Kh8 32. Ke4 Be5 33. Re7 a5 34. Nf7+ Kg8 35. Nxe5 fxe5 36. Rxe5 Rf2 37. Rxa5 Rxc2 38. a4 Kf8 39. Rb5 Ra2 40. a5 Ke7 41. Kd5 h5 42. Kc6 h4 43. b4 Ra4 44. Rb7+ Kf6 45. Kb5 Ra3 46. Rh7 h3 47. a6 Kg6 48. Rh8 Kg5 49. Kb6 Kg4 50. b5 Kg3 51. a7 h2 52. Rxh2 Kxh2 53. Kb7 Rxa7+ 54. Kxa7 Kg3 55. b6 1-0


[Site "https://www.chess.com"]

[Event "Titled Tuesday Blitz March 28 Late 2023"]
[White "Khumalo, Keith"]
[Black "Wagner, Dennis"]
[WhiteFideId "14319470"]
[BlackFideId "24650684"]
[WhiteElo "2056"]
[BlackElo "2470"]
[Result "1-0"]
[Round "11"]
[TimeControl "180+2"]
[Date "2023.03.28"]
[WhiteClock "0:01:03"]
[BlackClock "0:00:01"]

1. d4 Nf6 2. c4 e6 3. Nf3 d5 4. g3 Bb4+ 5. Bd2 Be7 6. Qc2 c6 7. Bg2 Nbd7 8. O-O Ne4 9. Bf4 g5 10. Bc1 h5 11. Rd1 h4 12. Nc3 f5 13. Ne5 hxg3 14. hxg3 Bf6 15. Nxe4 dxe4 16. Qb3 Qc7 17. Be3 Nb6 18. a4 Qh7 19. a5 Nd7 20. c5 Nxe5 21. dxe5 Bxe5 22. Bxg5 Kf7 23. a6 bxa6 24. Rxa6 Kg6 25. Rxc6 Kxg5 26. Rxe6 Bxe6 27. Qxe6 Rae8 28. Qb3 Qh2+ 29. Kf1 f4 30. Rd5 Rhf8 31. Qb7 Kh6 32. Qc6+ Kg5 33. Qd7 Qh6 34. f3 fxg3 35. Qg4+ Kf6 36. Bh3 Qc1+ 37. Kg2 Qe3 38. Qf5+ Kg7 39. Rd7+ Kg8 40. Qh7# 1-0


[Site "https://www.chess.com"]

[Event "Titled Tuesday Blitz March 28 Late 2023"]
[White "Mekhitarian, Krikor Sevag"]
[Black "angelgab3"]
[WhiteFideId "2107660"]
[WhiteElo "2604"]
[BlackElo "2582"]
[Result "1-0"]
[Round "11"]
[TimeControl "180+2"]
[Date "2023.03.28"]
[WhiteClock "0:00:08"]
[BlackClock "0:00:10"]

1. Nf3 Nf6 2. c4 e6 3. Nc3 d5 4. e3 Be7 5. b3 O-O 6. Bb2 c5 7. cxd5 exd5 8. d4 Nc6 9. Be2 Ne4 10. O-O Bf6 11. Na4 Bg4 12. Rc1 cxd4 13. Nxd4 Bxe2 14. Nxe2 Bxb2 15. Nxb2 Qf6 16. Na4 Rad8 17. f3 Ng5 18. Nc5 b6 19. Nd3 Rd6 20. Qd2 Re8 21. Nef4 Qe7 22. Rfe1 Red8 23. Nf2 Ne5 24. Qe2 g6 25. N2d3 h5 26. Nxe5 Qxe5 27. Nd3 Qe7 28. Qf2 h4 29. h3 Ne6 30. Ne5 Qf6 31. Ng4 Qe7 32. e4 d4 33. e5 Rd5 34. Nf6+ Kg7 35. Nxd5 Rxd5 36. Rcd1 Qg5 37. Re4 Rb5 38. Qxh4 Qf5 39. Qg3 Rc5 40. Qg4 Rc2 41. Qxf5 gxf5 42. Rexd4 Nxd4 43. Rxd4 Rxa2 44. b4 a5 45. bxa5 bxa5 46. f4 a4 47. Kh2 a3 48. Ra4 Kg6 49. Kg3 Ra1 50. Ra6+ Kg7 51. Kh4 Rf1 52. g3 Rf3 53. Ra5 Kg6 54. Ra7 Kg7 55. e6 Kf8 56. Rxf7+ Ke8 57. Ra7 Kd8 58. Ra5 Ke7 59. Rxf5 Kxe6 60. Ra5 Kd6 61. Kg4 Rd3 62. h4 Kc6 63. h5 Kb6 64. Ra8 Kb5 65. h6 1-0


[Site "https://www.chess.com"]

[Event "Titled Tuesday Blitz March 28 Late 2023"]
[White "Levine, Joseph"]
[Black "Rustemov, Alexander"]
[WhiteFideId "30940346"]
[BlackFideId "4119002"]
[WhiteElo "2351"]
[BlackElo "2880"]
[Result "0-1"]
[Round "11"]
[TimeControl "180+2"]
[Date "2023.03.28"]
[WhiteClock "0:00:03"]
[BlackClock "0:00:37"]

1. e4 e6 2. d3 c5 3. Nf3 Nc6 4. g3 g6 5. Bg2 Bg7 6. O-O Nge7 7. Re1 O-O 8. h4 h6 9. c3 e5 10. Be3 d6 11. Na3 Bg4 12. Qb3 Qd7 13. Nd2 Kh7 14. Ndc4 Rab8 15. Nb5 Nc8 16. a4 a6 17. Nba3 Be6 18. Qc2 b5 19. axb5 axb5 20. Nd2 N8e7 21. f4 Bh3 22. Kh2 Bxg2 23. Kxg2 exf4 24. Bxf4 f5 25. Rf1 Rf7 26. Rf2 fxe4 27. Nxe4 Nf5 28. Raf1 Ne5 29. Bxe5 Bxe5 30. h5 Rbf8 31. hxg6+ Kxg6 32. d4 Ne3+ 33. Kg1 Nxc2 34. Nxc2 Rxf2 35. Rxf2 Rxf2 36. Kxf2 Qf5+ 37. Ke3 cxd4+ 38. cxd4 d5 39. Nc3 Bxg3 40. Nb4 Qf2+ 41. Kd3 Qxb2 42. Nbxd5 b4 43. Ne2 Qb3+ 44. Ke4 Bd6 45. Ne3 Qb1+ 46. Kd5 Qd3 47. Kxd6 Qxe3 0-1


[Site "https://www.chess.com"]